 Dungeon Crawl Stone Soup version 0.31-a0-234-gad7ace16ef (webtiles) character file.

Game seed: 586215934741163595

131 qw the Shooter (level 4, -6/38 HPs)
             Began as a Minotaur Hexslinger on July 9, 2023.
             Killed from afar by an orc wizard (10 damage)
             ... with a puff of flame
             ... on level 3 of the Dungeon.
             The game lasted 00:00:41 (1469 turns).

qw the Shooter (Minotaur Hexslinger)                Turns: 1469, Time: 00:00:42

Health: -6/38      AC:  6    Str: 12    XL:     4   Next: 91%
Magic:  4/4        EV: 12    Int: 10    God:
Gold:   76         SH:  0    Dex: 15    Spells: 4/5 levels left

rFire   . . .        Y - +1 sling
rCold   . . .        (no shield)
rNeg    . . .        f - +0 leather armour
rPois   .            (helmet restricted)
rElec   .            b - +2 cloak
rCorr   .            (no gloves)
SInv    .            (no boots)
Will    .....        (no amulet)
Stlth   +            (no ring)
HPRegen 0.26/turn    (no ring)
MPRegen 0.09/turn

%: no passive effects
@: no status effects
A: horns 2, retaliatory headbutt
a: no special abilities


You were on level 3 of the Dungeon.
You visited 1 branch of the dungeon, and saw 3 of its levels.

You collected 76 gold pieces.


Innate Abilities, Weirdness & Mutations

You have a pair of horns on your head.
You reflexively headbutt those who attack you in melee.


   Skills:
 - Level 3.0 Fighting
 + Level 5.0 Ranged Weapons
 - Level 2.1 Dodging
 - Level 1.0 Spellcasting
 - Level 2.0 Hexes


You had 4 spell levels left.
You knew the following spells:

 Your Spells              Type           Power      Damage    Failure   Level
a - Slow                  Hex            16%        N/A       19%         1

Your spell library contained the following spells:

 Spells                   Type           Power      Damage    Failure   Level
 Inner Flame              Hex/Fire       2%         N/A       65%         3
 Portal Projectile        Hex/Tloc       4%         N/A       65%         3
 Cause Fear               Hex            2%         N/A       88%         4

Inventory:

Hand Weapons
 Y - a +1 sling (weapon)
Armour
 b - a +2 cloak (worn)
 f - a +0 leather armour (worn)
Wands
 a - a wand of digging (2)
Potions
 e - a potion of curing
 g - a potion of degeneration {unknown}
 h - a potion of invisibility {unknown}
 j - a potion of ambrosia {unknown}

Dungeon Overview and Level Annotations

Branches:
Dungeon (3/15)

Altars:
Vehumet


Message History

You shoot a sling bullet. Something hits you.
You shoot a sling bullet.
Something hits you but does no damage. x2
You shoot a sling bullet. Something hits you but does no damage.
You shoot a sling bullet. Something hits you but does no damage.
You shoot a sling bullet.
You feel less confused. Something barely misses you.
You shoot a sling bullet.
You hear some strange, mumbled words.
A magic dart appears from out of thin air!
The magic dart hits you.
You shoot a sling bullet. Something hits you but does no damage.
Something hits you.
You shoot a sling bullet. Something hits you but does no damage.
You shoot a sling bullet.
An orc wizard appears from thin air!
Reactivating autopickup.
The orc wizard closely misses you.
You shoot a sling bullet. The sling bullet hits the orc wizard.
The orc wizard is lightly wounded.
The orc wizard hits you but does no damage.
The orc wizard points at you and mumbles some strange words.
You resist with some effort.
You shoot a sling bullet.
The sling bullet barely misses the orc wizard.
The orc wizard misses you.
You shoot a sling bullet.
The sling bullet barely misses the orc wizard.
The orc wizard completely misses you. You furiously retaliate!
You headbutt the orc wizard, but do no damage.
You shoot a sling bullet.
The sling bullet closely misses the orc wizard.
The orc wizard casts a spell at you. The puff of flame hits you!
You die...

#.#....
#....#......##### #
#.+....
#...............####.#
#...
#....................#
#.................#
##................#
#.......###'##...#
..##+####### #.##...#
......%).#####+##...#
......o@.'.#........#
......)..#.#........#
.........#.#........#
.........#.#........#
.........#.#........#
.........#.#.....####
.........#.......#
##################


You could see an orc wizard.

Vanquished Creatures
  An orc priest (D:3)
  Ijyb (D:3)
  3 adders (D:2)
  3 orcs (D:3)
  7 ball pythons
  2 endoplasms
  2 giant cockroaches
  4 goblins
  6 hobgoblins
  3 jackals (D:2)
  5 quokkas
  2 bats
  4 kobolds
43 creatures vanquished.

Notes
Turn   | Place    | Note
-------+----------+-------------------------------------------
     0 | D:1      | qw the Minotaur Hexslinger began the quest for the Orb.
     0 | D:1      | Reached XP level 1. HP: 16/16 MP: 1/1
     0 | D:1      | 0 ||| qw: Version: 0.3-a-51-g015441d
     0 | D:1      | 0 ||| qw: Game counter: 4149
     0 | D:1      | 0 ||| qw: Melee chars always use a shield: true
     0 | D:1      | 0 ||| qw: God list: Okawaru
     0 | D:1      | 0 ||| qw: Allow faded altars: false
     0 | D:1      | 0 ||| qw: Do Orc after clearing Dungeon:15 true
     0 | D:1      | 0 ||| qw: Do second Lair branch before Depths: true
     0 | D:1      | 0 ||| qw: Lair rune preference: random
     0 | D:1      | 0 ||| qw: Goals: Normal
     0 | D:1      | 0 ||| PLANNING D:1-11
   136 | D:1      | Found a faded altar of an unknown god.
   145 | D:1      | Reached skill level 3 in Ranged Weapons
   184 | D:1      | Reached XP level 2. HP: 23/23 MP: 2/2
   461 | D:1      | 461 ||| DROPPING ring of flight.
   462 | D:1      | 462 ||| READING scroll labelled JIVIOTA ZOLUSCH.
   463 | D:1      | 463 ||| READING scroll labelled PAXE JOT QOJ.
   464 | D:1      | 464 ||| READING scroll labelled WEMOCI SOOMIMA.
   465 | D:1      | 465 ||| DRINKING 2 emerald potions.
   466 | D:1      | 466 ||| DROPPING scroll of poison.
   660 | D:2      | Reached XP level 3. HP: 29/29 MP: 3/3
   854 | D:2      | Reached skill level 4 in Ranged Weapons
  1060 | D:2      | 1060 ||| UPGRADING to +0 cloak.
  1065 | D:2      | 1065 ||| UPGRADING to +2 cloak.
  1075 | D:2      | 1075 ||| DROPPING +0 cloak.
  1076 | D:2      | 1076 ||| UPGRADING to +0 leather armour.
  1086 | D:2      | 1086 ||| DROPPING +0 robe.
  1087 | D:2      | 1087 ||| READING scroll labelled QUEDYEPIURR.
  1088 | D:2      | 1088 ||| READING scroll labelled ISKUADWA WISO.
  1092 | D:2      | 1092 ||| READING scroll labelled DAYMPI VOUQEI.
  1093 | D:2      | 1093 ||| READING 2 scrolls labelled VAPYIL OXANLO.
  1094 | D:2      | 1094 ||| DROPPING scroll of fear.
  1265 | D:3      | Found a radiant altar of Vehumet.
  1356 | D:3      | Reached XP level 4. HP: 36/36 MP: 4/4
  1370 | D:3      | Noticed Ijyb
  1380 | D:3      | Killed Ijyb
  1439 | D:3      | Reached skill level 5 in Ranged Weapons
  1448 | D:3      | Reached skill level 3 in Fighting
  1450 | D:3      | HP: 8/38 [something (4)]
  1456 | D:3      | HP: 6/38 [something/puff of flame (3)]
  1462 | D:3      | HP: 4/38 [something/magic dart (3)]
  1469 | D:3      | Killed from afar by an orc wizard

Levels and vault maps discovered:
D:1:      dpeg_arrival_court, layout_rooms, ebering_ecumenical_altar_sacrificial
D:2:      layout_rooms, hangedman_decor_slide_cut, st_stairs_14
D:3:      layout_basic, nicolae_tso_swordbearing_angel, marbit_many_paths,
          uniq_ijyb

Skill      XL: |  1  2  3  4 |
---------------+-------------+-----
Ranged Weapons | 3 4 5 |  5.0
Fighting       | 2 3 |  3.0
Dodging        | |  2.1
Spellcasting   | |  1.0
Hexes          | |  2.0

Action                     |  1- 3 |  4- 6 || total
---------------------------+-------+-------++-------
   Fire: Sling             |   108 |    58 ||   166
    Use: Scroll            |     7 |       ||     7
         Potion            |     1 |       ||     1
 Armour: Robe              |     4 |       ||     4
         Leather armour    |     2 |    25 ||    27
  Dodge: Dodged            |    34 |    31 ||    65

Table legend:
 A = Non-vault XP
 B = Vault XP
 C = Vault XP percentage of total XP
 D = Non-vault monster count
 E = Vault monster count
 F = Vault count percentage of total count
                 A         B        C        D         E       F
            +---------+---------+-------+---------+---------+-------
      Total |     149 |      39 |  20.7 |      40 |       3 |   7.0
            +---------+---------+-------+---------+---------+-------
        D:1 |      18 |       0 |   0.0 |      10 |       0 |   0.0
        D:2 |      69 |       1 |   1.4 |      19 |       1 |   5.0
        D:3 |      62 |      38 |  38.0 |      11 |       2 |  15.4
            +---------+---------+-------+---------+---------+-------
